 Dungeon Crawl Stone Soup version 0.25.1-2-g60ff931df9 (webtiles) character file.

Game seed: 10197345036688733696

220 HawFromDerth the Ruffian (level 5, -3/40 HPs)
             Began as a Draconian Transmuter on Sept 26, 2020.
             Killed by miscasting Spider Form (8 damage)
             ... on level 4 of the Dungeon.
             The game lasted 00:05:04 (3374 turns).

HawFromDerth the Ruffian (Draconian Transmuter)     Turns: 3374, Time: 00:05:05

Health: -3/40      AC:  6    Str: 13    XL:     5   Next: 64%
Magic:  5/9        EV: 12    Int: 14    God:
Gold:   126        SH:  0    Dex: 11    Spells: 6/10 levels left

rFire    . . .     SeeInvis .     - Unarmed
rCold    + . .     Gourm    .   (no shield)
rNeg     . . .     Faith    .   (armour unavailable)
rPois    .         Spirit   .   (helmet restricted)
rElec    .         Reflect  .   (no cloak)
rCorr    .         Harm     .   (no gloves)
MR       .....     Rnd*Rage +   b - +0 pair of boots
Stlth    +.........             (no amulet)
HPRegen  0.13/turn              (no ring)
MPRegen  0.11/turn              (no ring)

@: lethally poisoned (-3 -> -7), appendage (expiring), very slightly
contaminated
A: unfitting armour, horns 2, berserk 1, cold resistance 1, cold-blooded,
MP-powered wands, AC +5
a: End Transformation


You were on level 4 of the Dungeon.
You were not hungry.
You had grown temporary horns.
You visited 1 branch of the dungeon, and saw 4 of its levels.

You collected 126 gold pieces.

Inventory:

Missiles
 a - 86 arrows
Armour
 b - a +0 pair of boots (worn)
Jewellery
 p - an uncursed ring of poison resistance
Wands
 e - a wand of polymorph (11)
 j - a wand of random effects (18)
Scrolls
 g - a scroll of remove curse {unknown}
 h - a scroll of noise
 k - a scroll of enchant weapon
 m - 3 scrolls of identify
Potions
 d - a potion of haste
 i - 5 potions of curing
 n - a potion of flight
Comestibles
 c - 4 rations


   Skills:
 + Level 1.4 Fighting
 + Level 2.5 Dodging
 + Level 0.7 Stealth
 + Level 4.6 Unarmed Combat
 + Level 3.0 Spellcasting
 + Level 2.9 Transmutations
 + Level 0.6 Poison Magic


You had 6 spell levels left.
You knew the following spells:

 Your Spells              Type           Power        Failure   Level  Hunger
a - Beastly Appendage     Tmut           ##....       6%          1    #......
b - Spider Form           Tmut/Pois      #.........   30%         3    ###....

Your spell library contained the following spells:

 Spells                   Type           Power        Failure   Level  Hunger
 Sticks to Snakes         Tmut           ##......     10%         2    ##.....
 Ice Form                 Ice/Tmut       #.......     75%         4    #####..
 Blade Hands              Tmut           ##........   87%         5    ######.


Dungeon Overview and Level Annotations

Branches:
Dungeon (4/15)
 Temple: D:4-7

Altars:
Ru


Innate Abilities, Weirdness & Mutations

Your plain brown scales are hard. (AC +5)
You cannot fit into any form of body armour.
You are cold-blooded and may be slowed by cold attacks.
You have a pair of horns on your head.
You tend to lose your temper in combat.
Your flesh is cold resistant. (rC+)
You expend magic power (3 MP) to strengthen your wands.


Message History

You are too injured to fight recklessly!
Unknown command.
You are too injured to fight recklessly!
You barely miss the phantom. Your headbutt misses the phantom.
The phantom is severely damaged.
The phantom barely misses you.
You barely miss the phantom.
The phantom is severely damaged.
The phantom hits you.
* * * LOW HITPOINT WARNING * * *
The phantom blinks!
Your transformation is almost over.
Casting: Beastly Appendage (safe; 6% risk of failure)
Confirm with . or Enter, or press ? or * to list all spells.
The spell is quite dangerous to cast (30% risk of failure)!
Continue anyway?
You miscast Spider Form.
You are very lightly contaminated with residual magic.
You feel incredibly sick!
You are poisoned.
You die...

#####+#...÷#####
...............#
..........<....# .
...............# ..
...............# ...
...............#....
........$...........
...............###..
...........†@..#
...............#
..............#
..............#
).........#
.....W....#
..........#
..........#


You could see a phantom.

Vanquished Creatures
  A scorpion (D:4)
  2 orc priests (D:3)
  A hound (D:4)
  An adder (D:4)
  A shadow imp (D:3)
  A worm (D:3)
  2 dart slugs
  10 orcs (D:3)
  A bat (D:1)
  A giant cockroach (D:1)
  5 goblins
  10 hobgoblins
  2 jackals (D:3)
  A quokka (D:3)
  A frilled lizard (D:2)
  5 kobolds
  7 rats
52 creatures vanquished.

Notes
Turn   | Place    | Note
-------+----------+-------------------------------------------
     0 | D:1      | HawFromDerth the Draconian Transmuter began the quest for
                  | the Orb.
     0 | D:1      | Reached XP level 1. HP: 16/16 MP: 3/3
   283 | D:1      | Reached XP level 2. HP: 23/23 MP: 3/5
   950 | D:2      | Found a sacrificial altar of Ru.
  1283 | D:2      | Reached XP level 3. HP: 28/28 MP: 4/6
  1688 | D:2      | Learned a level 3 spell: Spider Form
  1699 | D:2      | Gained mutation: You tend to lose your temper in combat.
                  | [potion of mutation]
  1699 | D:2      | Gained mutation: You expend magic power (3 MP) to
                  | strengthen your wands. [potion of mutation]
  1699 | D:2      | Gained mutation: Your flesh is cold resistant. (rC+)
                  | [potion of mutation]
  2017 | D:3      | Reached XP level 4. HP: 19/35 MP: 5/7
  2216 | D:3      | Reached skill level 4 in Unarmed Combat
  2861 | D:4      | Noticed a phantom
  2864 | D:4      | Reached XP level 5. HP: 40/40 MP: 5/9
  3369 | D:4      | HP: 2/40 [phantom (5)]
  3374 | D:4      | Killed by miscasting Spider Form

Illustrated notes

Levels and vault maps discovered:
D:1:      elethiomel_arrival_infinity_welcomes_careful_drivers, layout_basic,
          glass_columns_a
D:2:      layout_loops_corners, nicolae_ru_awakened_eye
D:3:      layout_rooms
D:4:      minmay_chambers_of_fours, layout_basic, grunt_temple_overflow_open,
          first_ration, minmay_fractal_squares_5, uniq_ijyb

Skill      XL: |  1  2  3  4  5 |
---------------+----------------+-----
Dodging        | 2 |  2.5
Unarmed Combat | 4 |  4.6
Spellcasting   | 3 |  3.0
Fighting       | |  1.4
Stealth        | |  0.7
Transmutations | |  2.9
Poison Magic   | |  0.6

Action                   |  1- 3 |  4- 6 || total
-------------------------+-------+-------++-------
Melee: Unarmed           |   120 |    92 ||   212
       Kick              |     9 |       ||     9
       Headbutt          |     5 |     7 ||    12
       Tailslap          |    10 |     7 ||    17
       Punch             |       |     1 ||     1
 Cast: Beastly Appendage |    29 |     8 ||    37
       Spider Form       |       |     3 ||     3
  Use: Potion            |     7 |     1 ||     8
       Scroll            |     5 |       ||     5
  Eat: Chunk             |     4 |     1 ||     5
       Ration            |       |     2 ||     2
Armor: Skin              |    31 |    15 ||    46
Dodge: Dodged            |    64 |    44 ||   108
